 Dungeon Crawl Stone Soup version 0.30.0-19-gbf45117a57 (webtiles) character file.

Game seed: 13979249635302660729

339 qw the Chopper (level 6, -5/38 HPs)
             Began as a Gargoyle Fighter on May 23, 2023.
             Slain by Natasha (7 damage)
             ... on level 3 of the Dungeon.
             The game lasted 00:01:17 (2549 turns).

qw the Chopper (Gargoyle Fighter)                   Turns: 2549, Time: 00:01:18

Health: -5/38      AC: 12    Str: 22    XL:     6   Next: 55%
Magic:  6/6        EV:  9    Int:  8    God:
Gold:   48         SH:  4    Dex:  9    Spells: 5/5 levels left

rFire   . . .        Y - +0 war axe
rCold   . . .        c - +0 buckler
rNeg    + . .        b - +0 scale mail
rPois   inf          (no helmet)
rElec   +            h - +0 cloak
rCorr   .            (no gloves)
SInv    .            (no boots)
Will    .....        (no amulet) Stlth
                     (no ring)
HPRegen 0.26/turn    (no ring)
MPRegen 0.10/turn

%: no passive effects
@: slowed, very slow
A: sickness immunity, AC +4, negative energy resistance 1, electricity
resistance, torment resistance 1, petrification resistance
a: no special abilities


You were on level 3 of the Dungeon.
You visited 1 branch of the dungeon, and saw 3 of its levels.

You collected 48 gold pieces.


Innate Abilities, Weirdness & Mutations

You are immune to sickness and miasma.
Your stone body is resilient. (AC +4)
You are immune to poison.
You resist negative energy. (rN+)
You are resistant to electric shocks. (rElec)
You are resistant to unholy torment.
You are immune to petrification.


   Skills:
 - Level 4.2 Fighting
 + Level 5.5 Axes
 - Level 3.2 Armour
 - Level 1.1 Dodging
 - Level 3.2 Shields


You had 5 spell levels left.
You didn't know any spells.
Your spell library was empty.

Inventory:

Hand Weapons
 a - a +0 mace
 Y - a +0 war axe (weapon)
Armour
 b - a +0 scale mail (worn)
 c - a +0 buckler (worn)
 h - a +0 cloak (worn)
Scrolls
 g - a scroll of identify {unknown}
Potions
 d - a potion of might
 e - a potion of magic {unknown}
 f - a potion of mutation {unknown}
 i - 2 potions of degeneration {unknown}
 j - a potion of curing
 k - a potion of lignification {unknown}

Dungeon Overview and Level Annotations

Branches:
Dungeon (3/15)

Altars:
Dithmenos

Annotations:
D:3 Natasha


Message History

Natasha casts a spell at you.
The magic dart hits you but does no damage.
You barely miss Natasha.
Natasha is moderately wounded.
You miss the cerulean imp. The cerulean imp closely misses you.
Natasha claws you but does no damage.
The cerulean imp hits you with a +1 spear.
Natasha claws you but does no damage.
You closely miss Natasha.
Natasha is moderately wounded.
You hit the cerulean imp.
A jackal comes into view.
The cerulean imp hits you but does no damage.
Natasha mumbles some strange words.
Natasha glows brightly for a moment.
Natasha misses you. You block the cerulean imp's attack.
The jackal barks!
You hit the cerulean imp.
The cerulean imp is almost dead.
You closely miss Natasha.
Natasha mumbles some strange words.
The cerulean imp hits you but does no damage.
Natasha claws you. You block the cerulean imp's attack.
You hit the cerulean imp but do no damage.
The cerulean imp is almost dead.
You closely miss Natasha.
The cerulean imp disappears in a puff of smoke!
Natasha casts a spell at you. The magic dart hits you.
The cerulean imp hits you but does no damage.
The jackal barely misses you. Natasha claws you.
The cerulean imp barely misses you.
You closely miss Natasha.
Natasha is moderately wounded.
You slash the jackal!
You kill the jackal!
Natasha barely misses you.
The cerulean imp hits you but does no damage.
Natasha claws you!
You die...

#.. ......#........
.#######'##.. .............
..........#.... . #........
..........' ..# #.#.%.##...
#.........###'###.#.#).....
>.......h#.....##......#...
.........#..5..####<)#.#...
.........#%......###+#....%
.###.###..@h.....##.....#..
#.#++..)ยค.....##.....+..
#.......###...##.....#..
.........#####)##.....#.#
#........+.....###......#
.........###...).#.......
#......#.................
.......#...............##
#.#....#..............###


You could see Natasha and a cerulean imp (summoned).

Vanquished Creatures
  An ogre (D:3)
  A hound (D:3)
  Jessica (D:3)
  Natasha (twice) (D:3)
  An orc wizard (D:3)
  A gnoll (D:1)
  5 adders
  An ufetubus (D:2)
  4 dart slugs
  2 orcs (D:3)
  2 endoplasms
  4 giant cockroaches
  7 goblins
  6 hobgoblins
  5 jackals
  6 kobolds
  4 ball pythons
  5 bats
  2 frilled lizards
  5 rats
65 creatures vanquished.

Notes
Turn   | Place    | Note
-------+----------+-------------------------------------------
     0 | D:1      | qw the Gargoyle Fighter began the quest for the Orb.
     0 | D:1      | Reached XP level 1. HP: 14/14 MP: 1/1
     0 | D:1      | 0 ||| qw: Version: 0.2-a-98-g5d7165a
     0 | D:1      | 0 ||| qw: Game counter: 25
     0 | D:1      | 0 ||| qw: Always use a shield: true
     0 | D:1      | 0 ||| qw: God list: Okawaru
     0 | D:1      | 0 ||| qw: Allow faded altars: false
     0 | D:1      | 0 ||| qw: Do Orc after D:15 true
     0 | D:1      | 0 ||| qw: Do second Lair branch before Depths: true
     0 | D:1      | 0 ||| qw: Lair rune preference: random
     0 | D:1      | 0 ||| qw: Plans: Normal, Zot:1-4, God:TSO, Crypt, Tomb,
                  | Pan, Slime:5, Hells, Abyss, Win
     0 | D:1      | 0 ||| PLANNING D:1-11
    47 | D:1      | Reached skill level 2 in Axes
    90 | D:1      | 90 ||| Stepping ~*~*~tactically~*~*~ (stealth).
   108 | D:1      | Reached XP level 2. HP: 19/19 MP: 2/2
   112 | D:1      | Found a faded altar of an unknown god.
   113 | D:1      | 113 ||| Stepping ~*~*~tactically~*~*~ (hiding).
   114 | D:1      | 114 ||| Stepping ~*~*~tactically~*~*~ (hiding).
   244 | D:1      | 244 ||| Stepping ~*~*~tactically~*~*~ (stealth).
   290 | D:1      | Reached skill level 3 in Axes
   319 | D:1      | Reached XP level 3. HP: 18/23 MP: 3/3
   544 | D:1      | 544 ||| Stepping ~*~*~tactically~*~*~ (hiding).
  1133 | D:1      | 1133 ||| READING scroll labelled HOPTELUHUI.
  1238 | D:2      | 1238 ||| Stepping ~*~*~tactically~*~*~ (stealth).
  1239 | D:2      | 1239 ||| Stepping ~*~*~tactically~*~*~ (stealth).
  1240 | D:2      | 1240 ||| Stepping ~*~*~tactically~*~*~ (stealth).
  1392 | D:2      | Reached XP level 4. HP: 28/28 MP: 4/4
  1629 | D:2      | Reached skill level 4 in Axes
  1651 | D:2      | 1651 ||| Stepping ~*~*~tactically~*~*~ (hiding).
  2061 | D:2      | 2061 ||| Stepping ~*~*~tactically~*~*~ (stealth).
  2063 | D:2      | 2063 ||| Stepping ~*~*~tactically~*~*~ (stealth).
  2188 | D:2      | 2188 ||| UPGRADING to +0 cloak.
  2193 | D:2      | 2193 ||| READING scroll labelled PETTUI FIATH.
  2194 | D:2      | 2194 ||| READING scroll labelled PUSYGG ELEGGE.
  2222 | D:3      | 2222 ||| Stepping ~*~*~tactically~*~*~ (stealth).
  2244 | D:3      | Noticed Jessica
  2246 | D:3      | Found a shadowy altar of Dithmenos.
  2254 | D:3      | Killed Jessica
  2255 | D:3      | Reached XP level 5. HP: 27/32 MP: 5/5
  2364 | D:3      | Noticed Natasha
  2377 | D:3      | Killed Natasha
  2378 | D:3      | Reached skill level 5 in Axes
  2457 | D:3      | 2457 ||| Stepping ~*~*~tactically~*~*~ (stealth).
  2497 | D:3      | Reached XP level 6. HP: 36/38 MP: 6/6
  2513 | D:3      | Noticed Natasha
  2514 | D:3      | 2514 ||| Stepping ~*~*~tactically~*~*~ (stealth).
  2515 | D:3      | 2515 ||| Stepping ~*~*~tactically~*~*~ (stealth).
  2516 | D:3      | 2516 ||| Stepping ~*~*~tactically~*~*~ (stealth).
  2519 | D:3      | 2519 ||| Stepping ~*~*~tactically~*~*~ (stealth).
  2521 | D:3      | 2521 ||| Stepping ~*~*~tactically~*~*~ (stealth).
  2523 | D:3      | 2523 ||| Stepping ~*~*~tactically~*~*~ (hiding).
  2532 | D:3      | Killed Natasha
  2533 | D:3      | Reached skill level 1 in Dodging
  2534 | D:3      | Noticed Natasha
  2535 | D:3      | 2535 ||| Stepping ~*~*~tactically~*~*~ (hiding).
  2543 | D:3      | HP: 9/38 [cerulean imp/+1 spear[Natasha] (2)]
  2548 | D:3      | HP: 5/38 [Natasha/magic dart (4)]
  2548 | D:3      | HP: 1/38 [Natasha (4)]
  2549 | D:3      | Slain by Natasha

Levels and vault maps discovered:
D:1:      onia_arrival_mini_maze, layout_loops_ring,
          ebering_ecumenical_altar_webs, serial_aquarium,
          aquarium_bridge_straight [aquarium_subvault_bridge,
          aquarium_subvault_window, aquarium_subvault_bridge,
          aquarium_subvault_wall], aquarium_window_fake, aquarium_window_2,
          aquarium_window_3, aquarium_view_2a, aquarium_view_2c,
          minmay_crystal_room, corexii_hall_statues_l
D:2:      layout_basic
D:3:      layout_basic, nicolae_dithmenos_shadow_blocks, uniq_natasha,
          uniq_jessica, uniq_crazy_yiuf_cottage

Skill      XL: |  1  2  3  4  5  6 |
---------------+-------------------+-----
Axes           | 2 3 4 5 |  5.5
Fighting       | 4 |  4.2
Dodging        | 1 |  1.1
Armour         | |  3.2
Shields        | |  3.2

Action                     |  1- 3 |  4- 6 || total
---------------------------+-------+-------++-------
  Melee: War axe           |   114 |   122 ||   236
    Use: Scroll            |     1 |     2 ||     3
 Armour: Scale mail        |    69 |    93 ||   162
  Dodge: Dodged            |    55 |    69 ||   124
  Block: Buckler           |    23 |    27 ||    50

Table legend:
 A = Non-vault XP
 B = Vault XP
 C = Vault XP percentage of total XP
 D = Non-vault monster count
 E = Vault monster count
 F = Vault count percentage of total count
                 A         B        C        D         E       F
            +---------+---------+-------+---------+---------+-------
      Total |     412 |      75 |  15.4 |      62 |       3 |   4.6
            +---------+---------+-------+---------+---------+-------
        D:1 |      66 |       1 |   1.5 |      28 |       1 |   3.4
        D:2 |      68 |       0 |   0.0 |      17 |       0 |   0.0
        D:3 |     278 |      74 |  21.0 |      17 |       2 |  10.5
            +---------+---------+-------+---------+---------+-------
